Match 42523430
Unlisted

Match 42523430
End
Scout Squad
Construct Barracks
Selects Armored Battlegroup
Selects Veteran Crews
Riflemen Squad
Riflemen Squad
Grenade Package
Riflemen Squad
Selects Fast Deploy
Infantry Support Center
Construct Motor Pool
M8 Greyhound Armored Car
Selects Field Repairs
M8 Greyhound Armored Car
Selects War Machine
Engineer Squad
M8 Greyhound Armored Car
Selects Seek and Destroy
M1 Anti-tank Gun Team
M1 Anti-tank Gun Team
Construct Tank Depot
M1 Anti-tank Gun Team
Selects UNKNOWN (2160077)
M4A3E8 Sherman Easy Eight
Engineer Squad
Engineer Squad
M4A1 Sherman Medium Tank
BIOHAZARD
Sauzer88
II -TH- II EliteJäger
JimmyS
0
0

Comments sign in to comment!

No comments posted yet!